 Dungeon Crawl Stone Soup version 0.29.1-15-g9cfb28693d (webtiles) character file.

Game seed: 891836671306052290

10565 croobank the Carver (level 11, -13/69 HPs)
             Began as a Demonspawn Fire Elementalist on Apr 12, 2023.
             Was a Follower of Hepliaklqana.
             Mangled by a shadow (28 damage)
             ... on level 12 of the Dungeon on Apr 13, 2023.
             The game lasted 00:38:54 (14791 turns).

croobank the Carver (Demonspawn Fire Elementalist) Turns: 14791, Time: 00:38:55

Health: -13/69     AC: 14    Str:  9    XL:     11   Next: 37%
Magic:  24/27      EV: 13    Int: 21    God:    Hepliaklqana [*.....]
Gold:   614        SH:  0    Dex: 13    Spells: 12/19 levels left

rFire   . . .      SeeInvis .   H - +7 Singing Sword {vorpal, sonic wave}
rCold   . . .      Faith    .   (no shield)
rNeg    . . .      Spirit   .   s - +1 robe {Archmagi}
rPois   .          Reflect  .   j - +2 helmet
rElec   .          Harm     .   I - +0 cloak
rCorr   .          Rampage  .   k - +1 pair of gloves
Will    .....      Archmagi +   m - +1 pair of boots
Stlth   +++.......              P - amulet of magic regeneration
HPRegen 0.21/turn               Y - ring of magical power
MPRegen 0.60/turn               J - ring of wizardry

@: no status effects
A: reduced essence, molten scales 2, demonic guardian 1, foul stench 2, weakness
stinger 2
a: Renounce Religion, Recall Ancestor, Ancestor Identity


You were on level 12 of the Dungeon.
You worshipped Hepliaklqana.
Hepliaklqana was aware of your devotion.
You visited 2 branches of the dungeon, and saw 13 of its levels.
You also visited: Sewer.

You collected 794 gold pieces.
You spent 180 gold pieces at shops.

Inventory:

Hand Weapons
 a - a +2 short sword
 i - a +0 arbalest
 y - a -1 quick blade of flaming
 A - a -2 demon trident of freezing
 B - the +7 spear of Victory {vorpal, Str+6}
   (You found it on level 6 of the Dungeon)

   It inflicts extra damage upon your enemies.
   Str:       It affects your strength (+6).
 F - the +2 spear "Yrofy" {elec, rC+}
   (You found it on level 11 of the Dungeon)

   It occasionally discharges a powerful burst of electricity upon striking a
   foe.
   rC:        It protects you from cold.
 H - the +7 Singing Sword (weapon) {vorpal, sonic wave}
   (You took it off an orc on level 6 of the Dungeon)

   It inflicts extra damage upon your enemies.
   It radiates damaging sonic waves as it strikes, especially in combat
   involving dangerous or numerous foes.
 Q - a +2 whip of venom
 U - a +4 vampiric spear
Missiles
 b - 4 atropa-tipped darts
 O - 2 throwing nets
Armour
 j - a +2 helmet (worn)
 k - a +1 pair of gloves (worn)
 m - a +1 pair of boots (worn)
 s - a +1 robe of the Archmagi (worn)
 v - a +0 buckler
 I - a +0 cloak (worn)
 K - a +0 robe of positive energy
 M - a +0 troll leather armour
 V - a +0 kite shield
 W - a +0 ring mail of fire resistance
Magical Staves
 E - a staff of air
Jewellery
 f - a ring of willpower
 J - a ring of wizardry (right hand)
 L - the ring of Xytt {rElec rC+ MP+9 Int-4 SInv}
   (You found it on level 8 of the Dungeon)

   [ring of protection from cold]

   Int:       It affects your intelligence (-4).
   rC:        It protects you from cold.
   rElec:     It insulates you from electricity.
   MP:        It affects your magic capacity (+9).
   SInv:      It lets you see invisible.
 P - an amulet of magic regeneration (around neck)
 Y - a ring of magical power (left hand)
Wands
 p - a wand of acid (3)
 w - a wand of roots (24)
 D - a wand of paralysis (9)
 R - a wand of flame (10)
Scrolls
 c - 9 scrolls of teleportation
 d - 2 scrolls of immolation
 e - a scroll of magic mapping
 h - a scroll of amnesia
 n - 2 scrolls of butterflies
 x - a scroll of vulnerability
 S - a scroll of fear
 T - a scroll of enchant weapon
Potions
 g - a potion of attraction
 l - 2 potions of resistance
 o - a potion of haste
 q - 2 potions of flight
 r - 9 potions of curing
 t - a potion of mutation
 u - 2 potions of might
 z - 3 potions of invisibility
 C - 3 potions of magic
 N - 3 potions of heal wounds
 X - a potion of brilliance
Miscellaneous
 Z - a condenser vane


   Skills:
 - Level 4.2 Fighting
 + Level 11.7 Long Blades
 - Level 4.8 Dodging
 - Level 5.2 Stealth
 - Level 4.9 Spellcasting
 - Level 5.0 Conjurations
 - Level 5.2 Fire Magic
 + Level 5.4 Invocations


You had 12 spell levels left.
You knew the following spells:

 Your Spells              Type           Power      Damage    Failure   Level
a - Foxfire               Conj/Fire      100%       2x1d9     1%          1
b - Scorch                Fire           82%        2d9       1%          2
c - Flame Wave            Conj/Fire      40%        2d11      5%          4

Your spell library contained the following spells:

 Spells                   Type           Power      Damage    Failure   Level
 Conjure Flame            Conj/Fire      40%        6-21      1%          3
 Freeze                   Ice            28%        1d5       4%          1
 Inner Flame              Hex/Fire       24%        N/A       4%          3
 Poisonous Vapours        Pois/Air       14%        N/A       7%          2
 Frozen Ramparts          Ice            14%        1d3       13%         3
 Portal Projectile        Hex/Tloc       14%        N/A       13%         3
 Tukima's Dance           Hex            7%         N/A       13%         3
 Hailstorm                Conj/Ice       23%        3d7       16%         4
 Fireball                 Conj/Fire      20%        3d10      16%         5
 Iskenderun's Battlesphe  Conj           39%        2d9       16%         5
 Corpse Rot               Necr/Pois/Air  7%         N/A       38%         4
 Summon Lightning Spire   Summ/Air       7%         N/A       38%         4
 Blade Hands              Tmut           3%         N/A       73%         5
 Conjure Ball Lightning   Conj/Air       11%        3x3d6     90%         6
 Orb of Destruction       Conj           19%        9d8       98%         7
 Storm Form               Tmut/Air       3%         N/A       100%        7
 Maxwell's Capacitive Co  Air            3%         ∞         100%        8


Dungeon Overview and Level Annotations

Branches:
Dungeon (12/15)            Temple (1/1) D:4            Lair (0/5) D:9
  Sewer (visited)
    Orc: D:9-12

Altars:
Ashenzari
Cheibriados
Dithmenos
Fedhas
Gozag
Hepliaklqana
Kikubaaqudgha
Makhleb
Nemelex Xobeh
Okawaru
Qazlal
Ru
Sif Muna
Trog
Uskayaw
Vehumet
Wu Jian
Xom
Yredelemnul

Shops:
D:4 *   D:6 (

Annotations:
D:8 1 runed translucent door, jtron's ghost, novice GnWn


Innate Abilities, Weirdness & Mutations

Your life essence is reduced to manifest your ancestor. (-10% HP)
You are mostly covered in molten scales. (AC +3)
A weak demonic guardian rushes to your aid.
You sometimes emit foul miasma when damaged in melee.
You have a tail ending in a sharp stinger.


Message History

You slice the slime creature!!
The slime creature is almost dead.
The large slime creature is engulfed in dark miasma.
The large slime creature seems to slow down.
A large slime creature splits.
The orc zombie misses you.
Your magical contamination has completely faded away.
You hit the slime creature but do no damage.
The Screaming Sword shouts, "My song won't be the only thing that'll get stuck in your head!"
You send a blast of sound all around you.
You destroy the orc zombie! x2
The ogre zombie is moderately damaged.
The ogre zombie is severely damaged.
You kill the orc priest!
The shadow is moderately damaged.
The shadow is severely damaged.
You destroy the phantom!
You kill the slime creature! x2
You destroy the orc zombie!
You kill the slime creature!
You hear a roar!
You hear a shout!
A goblin zombie comes into view.
Your Invocations skill increases to level 5!
You barely miss the shadow.
The shadow is moderately damaged.
The shadow barely misses you.
The shadow slips into darkness.
The shadow flickers and vanishes!
Deactivating autopickup; reactivate with Ctrl-A.
The ogre zombie misses you.
You slash the shadow!
The Singing Sword belts out, "Dying in battle is most honourable!"
You send a blast of sound all around you.
The ogre zombie is severely damaged.
You destroy the ogre zombie!
You destroy the shadow!
You destroy the goblin zombie!
You hit the ogre zombie.
The ogre zombie is almost destroyed.
The ogre zombie misses you.
You barely miss the ogre zombie.
The ogre zombie is almost destroyed.
The shadow strikes at you from the darkness!
You die...

.# . # #.
. ## ..
.#.## #.
.#.#..##.#
....#...
#Z)# .##
###.Z##..#
#....@.#.#
###..#...#
#.####.#
.?.###.§#
######.###
######R#
#......#
#.....##.#
#........#


You could see 2 ogre zombies.

Vanquished Creatures
  2 two-headed ogres (D:8)
  Pikel (D:7)
  An ugly thing (D:11)
  A cyclops (D:7)
  A komodo dragon (D:10)
  4 trolls
  A hornet (D:10)
  3 slime creatures (D:12)
  Sigmund (D:2)
  2 wyverns (D:8)
  2 yaks
  A shadow (D:12)
  3 vampire mosquitoes (D:11)
  A steam dragon (D:10)
  3 acid dragons
  A sky beast (D:7)
  2 ice beasts
  3 orc warriors
  An ogre (D:6)
  3 centaurs
  2 lemures (D:7)
  2 phantoms
  3 kobold brigands
  3 bullfrogs
  4 gnoll sergeants (D:9)
  A necrophage (D:3)
  8 scorpions
  4 wights (D:8)
  A killer bee (D:9)
  6 howler monkeys
  3 electric eels (D:11)
  6 hounds
  2 jellies
  11 orc priests
  Ijyb (D:3)
  4 iguanas
  10 orc wizards
  2 ogre zombies (D:12)
  16 gnolls
  11 adders
  A river rat (Sewer)
  A shadow imp (D:6)
  3 worms
  A dart slug (D:1)
  26 orcs
  6 ball pythons
  8 endoplasms
  12 giant cockroaches
  9 goblins
  10 hobgoblins
  9 quokkas
  10 bats
  4 frilled lizards
  A goblin zombie (D:12)
  A hobgoblin skeleton (D:12)
  25 kobolds
  4 orc zombies (D:12)
  7 rats
  A butterfly (D:4)
276 creatures vanquished.

Vanquished Creatures (collateral kills)
  2 yaks (D:9)
  A steam dragon (D:8)
  2 gnolls (D:9)
  25 foxfires
30 creatures vanquished.

Vanquished Creatures (others)
  An ancestor (D:12)
  An orc (D:11)
  475 foxfires
  8 fungi (D:6)
  39 plants
524 creatures vanquished.

Grand Total: 830 creatures vanquished

Notes
Turn   | Place    | Note
-------+----------+-------------------------------------------
     0 | D:1      | croobank the Demonspawn Fire Elementalist began the quest
                  | for the Orb.
     0 | D:1      | Reached XP level 1. HP: 13/13 MP: 3/3
   245 | D:1      | Gained mutation: You have a small tail. [demonic ancestry]
   245 | D:1      | Reached XP level 2. HP: 19/19 MP: 1/5
   632 | D:1      | Learned a level 2 spell: Scorch
   923 | D:1      | Found a faded altar of an unknown god.
  1346 | D:1      | Reached XP level 3. HP: 24/24 MP: 2/6
  1774 | D:2      | Noticed Sigmund
  1833 | D:2      | Killed Sigmund
  1834 | D:2      | Reached XP level 4. HP: 30/30 MP: 0/8
  1834 | D:2      | Gained mutation: You may rarely emit foul miasma when
                  | damaged in melee. [demonic ancestry]
  1834 | D:2      | Reached XP level 5. HP: 35/35 MP: 0/9
  2476 | D:3      | Learned a level 4 spell: Flame Wave
  2773 | D:3      | Found a stormy altar of Qazlal.
  2890 | D:3      | Reached XP level 6. HP: 42/42 MP: 3/10
  3484 | D:4      | Found a staircase to the Ecumenical Temple.
  3544 | Temple   | Entered the Ecumenical Temple
  3742 | D:4      | Reached skill level 1 in Fighting
  3877 | D:4      | You fall into a shaft and drop 3 floors!
  4016 | D:6      | Noticed a troll
  4021 | D:6      | Killed a troll
  4022 | D:6      | Gained mutation: A weak demonic guardian rushes to your
                  | aid. [demonic ancestry]
  4022 | D:6      | Reached XP level 7. HP: 38/49 MP: 4/12
  4113 | D:5      | Entered Level 5 of the Dungeon
  4117 | D:5      | Found a glowing drain.
  4156 | Sewer    | Entered a sewer
  5192 | D:5      | Found a burning altar of Makhleb.
  5563 | D:5      | Gained mutation: You sometimes emit foul miasma when
                  | damaged in melee. [demonic ancestry]
  5563 | D:5      | Reached XP level 8. HP: 46/57 MP: 4/14
  5937 | D:5      | Found a snail-covered altar of Cheibriados.
  6131 | D:4      | Found Caav's Lightly-Used Armoury.
  6137 | D:4      | Bought a -1 quick blade for 120 gold pieces
  6137 | D:4      | Bought a -2 demon trident for 60 gold pieces
  6904 | D:3      | Found an ornate altar of the Wu Jian Council.
  7070 | D:3      | Noticed Ijyb
  7077 | D:3      | Killed Ijyb
  7343 | D:5      | Found a blossoming altar of Fedhas.
  7738 | D:4      | Found an iron altar of Okawaru.
  8131 | D:6      | HP: 1/58 [orc priest/divine providence (11)]
  8432 | D:6      | Reached skill level 5 in Fire Magic
  8516 | D:6      | Found Moaj's Weapon Shoppe.
  8557 | D:6      | Identified the +7 spear of Victory {vorpal, Str+6}
  8832 | D:6      | Reached skill level 5 in Stealth
  8855 | D:6      | Gained mutation: You are partially covered in molten
                  | scales. (AC +2) [demonic ancestry]
  8855 | D:6      | Reached XP level 9. HP: 49/65 MP: 16/16
  8859 | D:6      | Reached skill level 5 in Conjurations
  9144 | D:7      | Reached skill level 1 in Long Blades
  9407 | D:7      | Noticed a cyclops
  9413 | D:7      | Killed a cyclops
  9414 | D:7      | Reached skill level 3 in Long Blades
  9634 | D:7      | Reached skill level 4 in Long Blades
  9786 | D:7      | Found a hide-covered altar of Uskayaw.
  9825 | D:7      | Reached skill level 5 in Long Blades
  9904 | D:7      | Found an ancient bone altar of Kikubaaqudgha.
  9984 | D:7      | Noticed Pikel
  9991 | D:7      | Killed Pikel
  9992 | D:7      | Reached skill level 6 in Long Blades
 10111 | D:8      | Noticed a two-headed ogre
 10133 | D:8      | Killed a two-headed ogre
 10134 | D:8      | Reached skill level 7 in Long Blades
 10134 | D:8      | Gained mutation: You are mostly covered in molten scales.
                  | (AC +3) [demonic ancestry]
 10134 | D:8      | Reached XP level 10. HP: 44/72 MP: 4/17
 10138 | D:8      | Noticed a two-headed ogre
 10146 | D:8      | Killed a two-headed ogre
 10147 | D:8      | Reached skill level 8 in Long Blades
 10426 | D:8      | Found a runed translucent door.
 10426 | D:8      | Noticed jtron's ghost (novice GnWn)
 10478 | D:8      | Reached skill level 9 in Long Blades
 10602 | D:8      | Identified the ring of Xytt {rElec rC+ MP+9 Int-4 SInv}
 11361 | D:9      | Found a broken altar of Ashenzari.
 11398 | D:9      | Reached skill level 10 in Long Blades
 11873 | D:9      | Found a staircase to the Lair.
 12276 | D:9      | Found a faded altar of an unknown god.
 12276 | D:9      | Found a faded altar of an unknown god.
 12284 | D:9      | Found a sacrificial altar of Ru.
 12286 | D:9      | Found a shimmering blue altar of Sif Muna.
 12288 | D:9      | Found an opulent altar of Gozag.
 12539 | D:10     | Entered Level 10 of the Dungeon
 12735 | D:10     | Reached skill level 11 in Long Blades
 12735 | D:10     | Gained mutation: You have a tail ending in a sharp stinger.
                  | [demonic ancestry]
 12735 | D:10     | Reached XP level 11. HP: 59/77 MP: 18/18
 12744 | D:10     | Found a hazy altar of Hepliaklqana.
 12840 | D:10     | Became a worshipper of Hepliaklqana the Forgotten
 12903 | D:10     | Identified a scroll of acquirement
 12904 | D:10     | Acquired a book of the Spheres
 13115 | D:10     | Found a shadowy altar of Dithmenos.
 13301 | D:11     | Reached skill level 1 in Invocations
 13880 | D:11     | Noticed a green ugly thing
 13895 | D:11     | Killed a green ugly thing
 14118 | D:11     | Identified the +2 spear "Yrofy" {elec, rC+}
 14202 | D:11     | Reached * piety under Hepliaklqana
 14788 | D:12     | Reached skill level 5 in Invocations
 14791 | D:12     | Mangled by a shadow

Illustrated notes

Levels and vault maps discovered:
D:1:      dpeg_arrival_arbitrary_c, layout_basic,
          shapermc_ecumenical_altar_totnotflames, dreamdust_mushroom_princess
D:2:      layout_rooms, uniq_sigmund
D:3:      minmay_razor_zed, layout_loops_cross, nicolae_qazlal_eye_of_the_storm,
          mainiacjoe_overflow_brackets, hex_tiny, uniq_ijyb
D:4:      layout_basic, nicolae_overflow_hidden_temple,
          mainiacjoe_overflow_concentric_impassable,
          minmay_temple_entry_butterflies, minmay_shop_damaged,
          nrook_mini_backslash
D:5:      minmay_general_purpose_star, layout_basic, lemuel_doored_altar,
          lemuel_round_altar, chei_slow_surprise, amcnicky_altar_gilded,
          portal_sewer_entry_f, minmay_liquid_box
D:6:      old_forge, layout_loops_ring, serial_shops, nicolae_diamond_shop
D:7:      layout_gridville, mainiacjoe_overflow_small_starburst,
          nicolae_kikubaaqudgha_miasma_corner, uniq_pikel
D:8:      layout_loops_ring, hellmonk_ghost_big_iron, minmay_crystal_room
D:9:      layout_long_grid, chequers_temple_overflow_minitemple,
          nicolae_overflow_crystal_walls, lair_entry_dummy,
          small_statue_intersection
D:10:     layout_rooms, nicolae_dithmenos_through_a_glass_darkly,
          mainiacjoe_overflow_surrounded_room
D:11:     layout_roguey, serial_bayou, serial_bayou_pond_b,
          serial_bayou_crossing, serial_bayou_pond_a, serial_bayou_lagoon_a,
          statue_in_the_mist_lemuel
D:12:     layout_loops_corners, zombieorc1_lemuel, serial_shops,
          nicolae_shop_hallway_plus, shop, nicolae_shop_behind_doors,
          nicolae_shop_behind_doors, shop
Temple:   hellmonk_temple_beads

Skill      XL: |  1  2  3  4  5  6  7  8  9 10 11 |
---------------+----------------------------------+-----
Stealth        | 2 3 4 5 |  5.2
Dodging        | 2 3 4 |  4.8
Fire Magic     | 3 4 5 |  5.2
Conjurations   | 2 3 4 5 |  5.0
Spellcasting   | 3 4 |  4.9
Fighting       | 1 2 4 |  4.2
Long Blades    | 7 11 | 11.7
Invocations    | 5 |  5.4

Action                   |  1- 3 |  4- 6 |  7- 9 | 10-12 || total
-------------------------+-------+-------+-------+-------++-------
Melee: Unarmed           |    16 |       |       |       ||    16
       Tailslap          |     2 |     6 |    13 |     8 ||    29
       Short sword       |     5 |    64 |    21 |       ||    90
       Spear             |       |       |    26 |       ||    26
       Punch             |       |       |     2 |     3 ||     5
       Double sword      |       |       |    41 |    83 ||   124
 Cast: Foxfire           |    40 |    24 |   120 |   111 ||   295
       Scorch            |    12 |    36 |    61 |    55 ||   164
       Flame Wave        |       |       |     2 |       ||     2
Evoke: Wand              |       |       |     1 |       ||     1
  Use: Potion            |     1 |       |     8 |     1 ||    10
       Scroll            |     1 |     4 |    12 |    10 ||    27
 Stab: Sleeping          |       |     3 |     1 |     1 ||     5
Armor: Robe              |     3 |    27 |    54 |    36 ||   120
Dodge: Dodged            |    35 |    68 |    74 |    60 ||   237
